 Dungeon Crawl Stone Soup version 0.31-a0-986-g5e6e4ef867 (webtiles) character file.

Game seed: 17926613698330202843

158 Curundu the Poker (level 5, 0/46 HPs)
             Began as a Draconian Berserker on Nov 10, 2023.
             Was a Believer of Trog.
             Slain by a gnoll
             ... wielding a +0 spear
              (4 damage)
             ... on level 3 of the Dungeon.
             The game lasted 00:13:18 (2324 turns).

Curundu the Poker (Draconian Berserker)             Turns: 2324, Time: 00:13:19

Health: 0/46       AC:  9    Str: 18 (19) XL:     5   Next: 16%
Magic:  5/5        EV: 12    Int:  6 (8)  God:    Trog [**....]
Gold:   96         SH:  0    Dex: 10 (12) Spells: 4/4 levels left

rFire   . . .        a - +0 spear
rCold   . . .        (no shield)
rNeg    . . .        (body armour unavailable)
rPois   .            (helmet restricted)
rElec   .            (no cloak)
rCorr   .            (no gloves)
SInv    .            (no boots)
Will    .....        (no amulet)
Stlth   +            d - +4 ring of protection
HPRegen 0.27/turn    (no ring)
MPRegen 0.09/turn

%: no passive effects
@: mighty
A: AC +5, unfitting armour, cold-blooded
a: Renounce Religion, Berserk, Trog's Hand


You were on level 3 of the Dungeon.
You worshipped Trog.
Trog was pleased with you.
You visited 1 branch of the dungeon, and saw 4 of its levels.

You collected 96 gold pieces.

Inventory:

Hand Weapons
 a - a +0 spear (weapon)
Jewellery
 d - a +4 ring of protection (left hand)
Scrolls
 b - a scroll of enchant armour
 f - a scroll of noise {unknown}
 g - a scroll of butterflies {unknown}
 h - a scroll of identify {unknown}
Potions
 e - a potion of heal wounds {unknown}


   Skills:
 + Level 4.2 Fighting
 + Level 4.2 Polearms
 + Level 3.8 Dodging
 + Level 1.0 Stealth


You had 4 spell levels left.
You didn't know any spells.
Your spell library contained the following spells:

 Spells                   Type           Power      Damage    Failure   Level
 Iskenderun's Battlesphe  Conj           0%         2d6       100%        5
 Bombard                  Conj/Erth      0%         9d1       100%        6
 Spellforged Servitor     Conj/Summ      0%         N/A       100%        7


Dungeon Overview and Level Annotations

Branches:
Dungeon (4/15)
 Temple: D:4-7

Altars:


Innate Abilities, Weirdness & Mutations

Your plain brown scales are hard. (AC +5)
You cannot fit into any form of body armour.
You are cold-blooded and may be slowed by cold attacks.


Message History

The gnoll is severely wounded.
The gnoll completely misses you. The gnoll closely misses you.
The gnoll hits you but does no damage.
You hit the gnoll but do no damage.
The gnoll is severely wounded.
The gnoll hits you with a +0 whip. The gnoll completely misses you.
The gnoll closely misses you.
You hit the gnoll but do no damage. You tail-slap the gnoll.
You kill the gnoll!
Trog accepts your kill. The gnoll closely misses you. x2
The gnoll closely misses you.
Items here: $ ( ) †.
You hit the gnoll.
The gnoll is lightly wounded.
The gnoll hits you from afar with a +0 spear.
The gnoll hits you with a +2 flail of holy wrath.
* * * LOW HITPOINT WARNING * * *
You hit the gnoll.
The gnoll is moderately wounded.
The gnoll closely misses you. The gnoll hits you but does no damage.
The gnoll attacks as it pursues you! The gnoll closely misses you.
The gnoll attacks as it pursues you!
The gnoll hits you with a +2 flail of holy wrath.
* * * LOW HITPOINT WARNING * * *
You puncture the gnoll!
The gnoll is severely wounded.
You closely miss the gnoll.
The gnoll is severely wounded.
The gnoll hits you but does no damage.
The gnoll hits you from afar with a +0 spear.
* * * LOW HITPOINT WARNING * * *
You hit the gnoll.
You kill the gnoll!
Trog accepts your kill. The gnoll closely misses you.
It was a potion of might.
You feel very mighty all of a sudden.
The gnoll hits you from afar with a +0 spear.
You die...

.......##..#.##.......
#..........g....# #
#....#..#.####..# #
#.........# #
##.....#........# #
###†#....##.#.## #
#.g.####...... # #)###
####. ## # #@# .. #
#.# . #.# #.# #.#
#.### #...# ###.# #.#


You could see a gnoll.

Vanquished Creatures
  Jessica (D:2)
  Natasha (D:2)
  3 gnolls (D:3)
  2 adders
  2 worms (D:3)
  2 dart slugs
  6 endoplasms
  A giant cockroach (D:1)
  4 goblins
  6 hobgoblins
  5 kobolds
  2 quokkas
  3 ball pythons
  6 bats
  5 frilled lizards
  6 rats
55 creatures vanquished.

Notes
Turn   | Place    | Note
-------+----------+-------------------------------------------
     0 | D:1      | Curundu the Draconian Berserker began the quest for the
                  | Orb.
     0 | D:1      | Reached XP level 1. HP: 19/19 MP: 1/1
   284 | D:1      | Reached XP level 2. HP: 26/26 MP: 2/2
  1081 | D:2      | Reached XP level 3. HP: 28/33 MP: 3/3
  1231 | D:2      | Reached ** piety under Trog
  1517 | D:2      | Noticed Jessica
  1542 | D:2      | Noticed Natasha
  1561 | D:2      | Killed Natasha
  1562 | D:2      | Reached XP level 4. HP: 12/40 MP: 4/4
  1589 | D:2      | Killed Jessica
  1998 | D:2      | You fall into a shaft and drop 2 floors!
  2063 | D:3      | Reached skill level 1 in Stealth
  2302 | D:3      | Reached XP level 5. HP: 34/46 MP: 5/5
  2324 | D:3      | Slain by a gnoll

Illustrated notes

Levels and vault maps discovered:
D:1:      saegor_arrival_simple_e, layout_loops_ring, minivault_5,
          minmay_strange_pillars, roderic_nine_men_s_morris
D:2:      layout_rooms, chequers_avenue, wad_floor_pattern_2,
          minmay_tetromino_t4, uniq_natasha, uniq_jessica
D:3:      layout_loops_cross
D:4:      layout_rooms, uniq_menkaure, uniq_grinder, uniq_pikel

Skill      XL: |  1  2  3  4 |
---------------+-------------+-----
Dodging        | 3 |  3.8
Fighting       | 4 |  4.2
Polearms       | 4 |  4.2
Stealth        | 1 |  1.0

Action                     |  1- 3 |  4- 6 || total
---------------------------+-------+-------++-------
  Melee: Spear             |   121 |    90 ||   211
         Tailslap          |    17 |    13 ||    30
         Punch             |     1 |     3 ||     4
    Use: Potion            |       |     4 ||     4
         Scroll            |       |     2 ||     2
   Stab: Sleeping          |     1 |       ||     1
 Armour: Skin              |    86 |    76 ||   162
  Dodge: Dodged            |    97 |    67 ||   164

Table legend: (Time is in decaauts)
 A = Elapsed time spent in this place.
 B = Non-inter-level travel time spent in this place.
 C = Inter-level travel time spent in this place.
 D = Time resting spent in this place.
 E = Time spent auto-exploring this place.
 F = Levels seen in this place.
 G = Mean time per level.
                   A        B        C        D        E       F      G
               +--------+--------+--------+--------+--------+-----+--------+
         Total |   2302 |   2302 |      0 |    516 |      0 |   4 |  575.5 |
       Dungeon |   2302 |   2302 |      0 |    516 |      0 |   4 |  575.5 |
               +--------+--------+--------+--------+--------+-----+--------+

Top non-repeatable levels by time:
     D:1: 1064 daAuts
     D:2: 919 daAuts
     D:3: 290 daAuts
     D:4: 27 daAuts
